 Dungeon Crawl Stone Soup version 0.23.2-33-g5129a83184 (webtiles) character file.

Game seed: 11692801863885820906

16070 troglodite the Blocker (level 12, -1/97 HPs)
             Began as a Gnoll Fighter on July 11, 2019.
             Was an Elder of Ashenzari.
             Slain by a gargoyle
             ... wielding a +0 mace
              (5 damage)
             ... while petrified by you
             ... in a Gauntlet.
             The game lasted 00:34:38 (11256 turns).

troglodite the Blocker (Gnoll Fighter)             Turns: 11256, Time: 00:34:39

Health: -1/97      AC: 18    Str: 21    XL:     12   Next: 33%
Magic:  22/22      EV:  2    Int: 15    God:    Ashenzari [****..]
Gold:   728        SH:  0    Dex: 20    Spells: 20/25 levels left

rFire    + . .     SeeInvis +   N - +8 demon blade "Bloodbane" {slice, *Rage +Rage Stlth-} (curse)
rCold    . . .     Gourm    .   c - +0 shield (curse)
rNeg     + + +     Faith    .   W - +5 scale mail of the Lute {rN++ Stlth-} (curse)
rPois    ∞         Spirit   .   b - +0 helmet
rElec    +         Reflect  +   w - +0 cloak (curse)
rCorr    .         Harm     .   (no gloves)
MR       .....     Clarity  +   j - +0 pair of boots (curse) Stlth ..........NoTele +
                                y - +2 amulet of reflection
HPRegen  0.26/turn              n - +6 ring of slaying (curse)
MPRegen  0.18/turn              U - ring "Vuheoph" {rElec rF+ Str+2 Dex+5 Slay+3} (curse)

@: petrified, studying Throwing
A: distributed training, fangs 1, strong nose
a: Curse Item, Scrying, Renounce Religion, Evoke Berserk Rage


You were in a Gauntlet.
You worshipped Ashenzari.
Ashenzari was greatly pleased with you.
You were not hungry.

You visited 2 branches of the dungeon, and saw 14 of its levels.
You also visited: Gauntlet.

You collected 728 gold pieces.

Inventory:

Hand Weapons
 N - the cursed +8 demon blade "Bloodbane" (weapon) {slice, *Rage +Rage Stlth-}
   (You found it on level 7 of the Dungeon)

   It inflicts extra damage upon your enemies.
   It lets you go berserk.
   It may make you go berserk in combat.
   It makes you less stealthy.
   It has a curse placed upon it.
 V - a +2 vampiric trident
Missiles
 F - 258 stones (quivered)
Armour
 b - a +0 helmet (worn)
 c - a cursed +0 shield (worn)
 j - a cursed +0 pair of boots (worn)
 w - a cursed +0 cloak (worn)
 W - the cursed +5 scale mail of the Lute (worn) {rN++ Stlth-}
   (You took it off a gnoll sergeant on level 7 of the Dungeon)

   It greatly protects you from negative energy.
   It makes you less stealthy.
   It has a curse placed upon it.
Jewellery
 a - an uncursed ring of protection from fire
 n - a cursed +6 ring of slaying (left hand)
 o - an uncursed ring of positive energy
 y - a +2 amulet of reflection (around neck)
 A - an uncursed ring of flight
 Q - the cursed ring of Summer {*Contam rElec Str+4 Dex-2}
   (You took it off an orc on level 7 of the Dungeon)

   [ring of dexterity]

   It affects your strength (+4).
   It affects your dexterity (-2).
   It insulates you from electricity.
   It causes magical contamination when unequipped.
   It has a curse placed upon it.
 R - the ring "Oddidd" {rF+ MR++ Dex+4}
   (You took it off an orc warrior on level 7 of the Dungeon)

   [ring of protection from fire]

   It affects your dexterity (+4).
   It protects you from fire.
   It affects your resistance to hostile enchantments.
 U - the cursed ring "Vuheoph" (right hand) {rElec rF+ Str+2 Dex+5 Slay+3}
   (You took it off a gnoll on level 7 of the Dungeon)

   [ring of dexterity]

   It affects your strength (+2).
   It affects your dexterity (+5).
   It affects your accuracy and damage with ranged weapons and melee attacks
   (+3).
   It protects you from fire.
   It insulates you from electricity.
   It has a curse placed upon it.
Wands
 s - a wand of acid (11)
 t - a wand of digging (2)
 B - a wand of scattershot (9)
 C - a wand of paralysis (7)
 E - a wand of iceblast (27)
 K - a wand of disintegration (11)
 P - a wand of random effects (13)
 S - a wand of polymorph (2)
Scrolls
 e - 4 scrolls of identify
 h - 2 scrolls of noise {unknown}
 l - 3 scrolls of magic mapping
 q - 12 scrolls of teleportation
 v - a scroll of fog {unknown}
 D - a scroll of acquirement {unknown}
 H - 2 scrolls of enchant weapon {unknown}
 I - 4 scrolls of fear {unknown}
 J - a scroll of amnesia {unknown}
 L - a scroll of vulnerability {unknown}
 T - a scroll of enchant armour {unknown}
 Y - 2 scrolls of blinking {unknown}
Potions
 d - 3 potions of might
 g - 5 potions of heal wounds
 i - 7 potions of brilliance
 k - 2 potions of lignification
 m - 3 potions of magic
 p - 6 potions of curing
 r - 4 potions of agility
 u - 3 potions of haste
 x - a potion of flight
 z - a potion of berserk rage
 G - a potion of invisibility {unknown}
 M - a potion of cancellation
Books
 X - a manual of Throwing
Comestibles
 f - 21 rations


   Skills:
 + Level 9.7 Fighting
 + Level 7.0 Short Blades
 + Level 7.0(10.5) Long Blades
 + Level 7.0 Axes
 + Level 7.0 Maces & Flails
 + Level 8.5 Polearms
 + Level 7.0 Staves
 + Level 7.0 Slings
 + Level 7.0 Bows
 + Level 7.0 Crossbows
 + Level 8.5 Throwing
 + Level 9.7(11.8) Armour
 + Level 7.0(9.4) Dodging
 + Level 7.0 Stealth
 + Level 9.7(11.8) Shields
 + Level 7.0 Unarmed Combat
 + Level 7.0 Spellcasting
 + Level 5.8(8.1) Conjurations
 + Level 5.8(8.1) Hexes
 + Level 5.8(8.1) Charms
 + Level 5.8(8.1) Summonings
 + Level 5.8(8.1) Necromancy
 + Level 5.8(8.1) Translocations
 + Level 5.8(8.1) Transmutations
 + Level 5.8(8.1) Fire Magic
 + Level 5.8(8.1) Ice Magic
 + Level 5.8(8.1) Air Magic
 + Level 5.8(8.1) Earth Magic
 + Level 5.8(8.1) Poison Magic
 + Level 7.7 Invocations
 + Level 7.0(9.4) Evocations


You had 20 spell levels left.
You knew the following spells:

 Your Spells              Type           Power        Failure   Level  Hunger
a - Stone Arrow           Conj/Erth      ####..       4%          3    ##.....
b - Passwall              Tmut/Erth      ####....     2%          2    None

Your spell library contained the following spells:

 Spells                   Type           Power        Failure   Level  Hunger
 Sandblast                Erth           ####..       1%          1    None
 Summon Butterflies       Summ           ####....     1%          1    None
 Call Canine Familiar     Summ           ####....     4%          3    ##.....
 Petrify                  Tmut/Erth      ####....     16%         4    ####...
 Summon Ice Beast         Ice/Summ       ####....     16%         4    ####...
 Lee's Rapid Deconstruct  Erth           ####......   38%         5    #####..
 Summon Mana Viper        Hex/Summ       ####....     38%         5    #####..
 Poison Arrow             Conj/Pois      ####......   93%         6    #######
 Summon Hydra             Summ           ####......   100%        7    #######
 Chain Lightning          Conj/Air       ####......   100%        8    #######
 Lehudib's Crystal Spear  Conj/Erth      ####......   100%        8    #######
 Fire Storm               Conj/Fire      ####......   100%        9    #######
 Glaciate                 Conj/Ice       ####......   100%        9    #######


Dungeon Overview and Level Annotations

Branches:
Dungeon (13/15)            Temple (1/1) D:4            Lair (0/6) D:10
    Orc (0/2) D:10         Vaults (0/5) D:13

Altars:
Ashenzari
Cheibriados
Dithmenos
Elyvilon
Fedhas
Gozag
Hepliaklqana
Kikubaaqudgha
Makhleb
Nemelex Xobeh
Okawaru
Qazlal
Ru
Sif Muna
Trog
Uskayaw
Vehumet
Wu Jian
Xom
Yredelemnul
Zin
The Shining One

Shops:
D:11 (

Annotations:
D:2 Natasha
D:3 1 runed translucent door, Feetnoise's ghost, amateur HOFi
D:13 Nessos Gauntlet 15 transporters, 17 runed translucent doors, exclusion: orange crystal statue


Innate Abilities, Weirdness & Mutations

Your experience applies equally to all skills.
You have very sharp teeth.
Your uncanny sense of smell can sniff out nearby items.


Message History

You kill the catoblepas!
The gargoyle hurls a stone arrow at you.
The stone arrow misses you.
Your limbs are stiffening.
You have turned to stone.
The gargoyle hits you with a +0 morningstar.
The gargoyle hits you with a +0 morningstar!
The gargoyle hits you with a +0 mace!
The gargoyle hits you with a +0 morningstar!
* * * LOW HITPOINT WARNING * * *
The gargoyle hurls a stone arrow at you.
The stone arrow hits you!!
* * * LOW HITPOINT WARNING * * *
You recover from your berserk rage.
The gargoyle hits you with a +0 morningstar!
* * * LOW HITPOINT WARNING * * *
The gargoyle hits you but does no damage.
The gargoyle hits you with a +0 morningstar!
* * * LOW HITPOINT WARNING * * *
The gargoyle hits you with a +0 mace!
You die...

#≈........................
###...................©.....
#8#..###########.###########
###..####.9.####.#..+.©.+..#
#....#.#..#..#.#.#..+...+..#
###....##..P.9##.#.#++#'#+#++#
#8#..###[####.#.##.#..+...+..#
###..#©#©.##9#9###.#..+...+..#
#..#.#?####@#..#.#++#...#++# ##
###..#.#.##.#.#.##.#..#'''#..# 8#
#8#..#.#....#©.#.#.#.........#
######..#.##.#.####.#.#..[.©....#
........#.#######################
........#.#≈≈8≈≈#©.........©.....
#########.#######################
.........©...........©#≈§§≈8≈≈§§#
#################################


You could see 2 gargoyles.

Vanquished Creatures
  A death ooze (Gauntlet)
  3 two-headed ogres
  A catoblepas (Gauntlet)
  An unseen horror (D:10)
  The ghost of Rwicked the Conjurer, a novice DrCj of Okawaru (D:7)
  An ugly thing (D:12)
  A gargoyle (D:11)
  3 kobold demonologists
  2 trolls (D:11)
  2 hornets (D:7)
  A hippogriff (D:7)
  A wraith (D:12)
  A spriggan (D:7)
  Eustachio (D:4)
  5 yaks
  10 humans
  Menkaure (D:4)
  2 water moccasins
  5 orc warriors
  An ice beast (D:6)
  A sky beast (D:10)
  4 black bears
  7 ogres
  A necrophage (D:11)
  An eye of draining (D:9)
  4 phantoms
  5 centaurs
  2 crocodiles
  6 big kobolds
  10 bullfrogs
  3 gnoll sergeants (D:7)
  A wyvern zombie (D:10)
  A scorpion (D:10)
  2 killer bees
  9 wights
  4 howler monkeys
  6 crimson imps
  5 hounds
  A quasit (D:11)
  4 jellies
  2 orc priests
  4 centaur skeletons
  A gnoll shaman (D:7)
  A bullfrog skeleton (D:7)
  10 orc wizards
  An iguana (D:6)
  Natasha (twice) (D:2)
  9 worker ants
  A killer bee zombie (D:10)
  A hound skeleton (D:7)
  A howler monkey zombie (D:7)
  2 worker ant zombies
  10 gnolls
  12 adders
  2 shadow imps
  3 adder skeletons
  2 worms (D:2)
  2 dart slugs
  8 leopard geckos
  24 orcs
  5 giant cockroaches
  9 hobgoblins
  19 kobolds
  2 quokkas
  4 bats
  2 frilled lizards
  7 goblins
  A jackal zombie (D:6)
  A leopard gecko skeleton (D:6)
  A quokka skeleton (D:8)
  3 rats
  A plant (D:1)
274 creatures vanquished.

Vanquished Creatures (others)
  3 centaurs
  9 demonic plants (Gauntlet)
  7 plants
19 creatures vanquished.

Grand Total: 293 creatures vanquished

Notes
Turn   | Place    | Note
-------+----------+-------------------------------------------
     0 | D:1      | troglodite the Gnoll Fighter began the quest for the Orb.
     0 | D:1      | Reached XP level 1. HP: 23/23 MP: 1/1
   157 | D:1      | Reached XP level 2. HP: 28/29 MP: 2/2
   784 | D:2      | Reached XP level 3. HP: 31/35 MP: 3/3
   788 | D:2      | Reached skill level 1 in Invocations
   828 | D:2      | Noticed Natasha
   834 | D:2      | Killed Natasha
   834 | D:2      | Reached skill level 1 in Short Blades
   834 | D:2      | Reached skill level 1 in Long Blades
   834 | D:2      | Reached skill level 1 in Axes
   834 | D:2      | Reached skill level 1 in Maces & Flails
   834 | D:2      | Reached skill level 1 in Staves
   834 | D:2      | Reached skill level 1 in Slings
   834 | D:2      | Reached skill level 1 in Bows
   834 | D:2      | Reached skill level 1 in Crossbows
   834 | D:2      | Reached skill level 1 in Throwing
   834 | D:2      | Reached skill level 1 in Dodging
   834 | D:2      | Reached skill level 1 in Stealth
   834 | D:2      | Reached skill level 1 in Unarmed Combat
   834 | D:2      | Reached skill level 1 in Spellcasting
   834 | D:2      | Reached skill level 1 in Evocations
   834 | D:2      | Reached XP level 4. HP: 33/41 MP: 5/5
  1016 | D:2      | Found an opulent altar of Gozag.
  1020 | D:2      | Reached skill level 1 in Conjurations
  1020 | D:2      | Reached skill level 1 in Hexes
  1020 | D:2      | Reached skill level 1 in Charms
  1020 | D:2      | Reached skill level 1 in Summonings
  1020 | D:2      | Reached skill level 1 in Necromancy
  1020 | D:2      | Reached skill level 1 in Translocations
  1020 | D:2      | Reached skill level 1 in Transmutations
  1020 | D:2      | Reached skill level 1 in Fire Magic
  1020 | D:2      | Reached skill level 1 in Ice Magic
  1020 | D:2      | Reached skill level 1 in Air Magic
  1020 | D:2      | Reached skill level 1 in Earth Magic
  1020 | D:2      | Reached skill level 1 in Poison Magic
  1053 | D:2      | Noticed Natasha
  1061 | D:2      | Killed Natasha
  1061 | D:2      | Reached XP level 5. HP: 39/47 MP: 6/6
  1149 | D:2      | Noticed Natasha
  1677 | D:3      | Found a runed translucent door.
  1687 | D:3      | Noticed Feetnoise's ghost (amateur HOFi)
  1764 | D:3      | Reached XP level 6. HP: 53/53 MP: 8/8
  2018 | D:4      | Found a snail-covered altar of Cheibriados.
  2077 | D:4      | Reached skill level 5 in Polearms
  2281 | D:4      | Noticed Menkaure
  2337 | D:4      | Reached XP level 7. HP: 28/59 MP: 10/10
  2510 | D:4      | Killed Menkaure
  2526 | D:4      | Found a staircase to the Ecumenical Temple.
  2547 | Temple   | Entered the Ecumenical Temple
  2657 | Temple   | Became a worshipper of Ashenzari the Shackled
  2991 | D:4      | Noticed Eustachio
  3016 | D:4      | Killed Eustachio
  3016 | D:4      | Reached XP level 8. HP: 28/67 MP: 10/12
  3526 | D:5      | Entered Level 5 of the Dungeon
  3583 | D:5      | Found a shimmering altar of Xom.
  3984 | D:5      | Found a blossoming altar of Fedhas.
  4249 | D:6      | Reached * piety under Ashenzari
  5066 | D:7      | Noticed a hornet
  5067 | D:7      | Noticed a hippogriff
  5088 | D:7      | Reached XP level 9. HP: 72/72 MP: 14/14
  5113 | D:7      | Killed a hornet
  5126 | D:7      | Identified the ring "Oddidd" {rF+ MR++ Dex+4}
  5715 | D:7      | Found a transporter.
  5721 | D:7      | Identified the ring "Vuheoph" {rElec rF+ Str+2 Dex+5
                  | Slay+3}
  5726 | D:7      | Noticed Rwicked's ghost (novice DrCj)
  5897 | D:7      | Found a transporter.
  5909 | D:7      | Identified the +5 scale mail of the Lute {rN++ Stlth-}
  6039 | D:7      | Reached skill level 5 in Invocations
  6147 | D:7      | Identified the cursed ring of Summer {*Contam rElec Str+4
                  | Dex-2}
  6158 | D:7      | Reached XP level 10. HP: 69/80 MP: 17/17
  6643 | D:7      | Reached skill level 5 in Short Blades
  6643 | D:7      | Reached skill level 5 in Long Blades
  6643 | D:7      | Reached skill level 5 in Axes
  6643 | D:7      | Reached skill level 5 in Maces & Flails
  6643 | D:7      | Reached skill level 5 in Staves
  6643 | D:7      | Reached skill level 5 in Slings
  6643 | D:7      | Reached skill level 5 in Bows
  6643 | D:7      | Reached skill level 5 in Crossbows
  6643 | D:7      | Reached skill level 5 in Throwing
  6643 | D:7      | Reached skill level 5 in Dodging
  6643 | D:7      | Reached skill level 5 in Stealth
  6643 | D:7      | Reached skill level 5 in Unarmed Combat
  6643 | D:7      | Reached skill level 5 in Spellcasting
  6643 | D:7      | Reached skill level 5 in Evocations
  6879 | D:7      | Killed Rwicked's ghost
  7274 | D:8      | Found an ancient bone altar of Kikubaaqudgha.
  7497 | D:8      | Reached ** piety under Ashenzari
  8038 | D:9      | Noticed a two-headed ogre
  8047 | D:9      | Killed a two-headed ogre
  8382 | D:10     | Entered Level 10 of the Dungeon
  8382 | D:10     | Noticed a kobold demonologist
  8382 | D:10     | Noticed a kobold demonologist
  8394 | D:10     | Killed a kobold demonologist
  8396 | D:10     | Killed a kobold demonologist
  8396 | D:10     | Reached XP level 11. HP: 87/87 MP: 19/19
  8458 | D:10     | Found a staircase to the Orcish Mines.
  8701 | D:10     | Found a sparkling altar of Nemelex Xobeh.
  8707 | D:10     | Reached skill level 5 in Conjurations
  8707 | D:10     | Reached skill level 5 in Hexes
  8707 | D:10     | Reached skill level 5 in Charms
  8707 | D:10     | Reached skill level 5 in Summonings
  8707 | D:10     | Reached skill level 5 in Necromancy
  8707 | D:10     | Reached skill level 5 in Translocations
  8707 | D:10     | Reached skill level 5 in Transmutations
  8707 | D:10     | Reached skill level 5 in Fire Magic
  8707 | D:10     | Reached skill level 5 in Ice Magic
  8707 | D:10     | Reached skill level 5 in Air Magic
  8707 | D:10     | Reached skill level 5 in Earth Magic
  8707 | D:10     | Reached skill level 5 in Poison Magic
  8761 | D:10     | Reached *** piety under Ashenzari
  8902 | D:10     | Noticed an unseen horror
  8912 | D:10     | Killed an unseen horror
  8957 | D:10     | Identified the +0 robe of Vehumet's Envy {MR+ Str-3 Dex+6}
  8998 | D:10     | Found a staircase to the Lair.
  9196 | D:11     | Found Puimudox's Antique Weapon Emporium.
  9371 | D:11     | Noticed a two-headed ogre
  9378 | D:11     | Killed a two-headed ogre
 10323 | D:12     | Noticed a brown ugly thing
 10330 | D:12     | Killed a brown ugly thing
 10375 | D:13     | Reached **** piety under Ashenzari
 10376 | D:13     | Noticed a two-headed ogre
 10378 | D:13     | Noticed an orc knight
 10378 | D:13     | Noticed Nessos
 10384 | D:13     | Killed a two-headed ogre
 10384 | D:13     | Reached XP level 12. HP: 96/96 MP: 22/22
 10503 | D:13     | Found a gate to the Vaults.
 10517 | D:13     | Found a gate leading to a gauntlet.
 10519 | D:13     | Noticed a centaur warrior
 10527 | Gauntlet | Entered a Gauntlet
 10527 | Gauntlet | Found a transporter.
 10527 | Gauntlet | Found a large runed translucent door.
 10527 | Gauntlet | Found a large runed translucent door.
 10527 | Gauntlet | Found a large runed translucent door.
 10527 | Gauntlet | Found a large runed translucent door.
 10527 | Gauntlet | Found a runed translucent door.
 10527 | Gauntlet | Found a runed translucent door.
 10527 | Gauntlet | Found a large runed translucent door.
 10527 | Gauntlet | Found a large runed translucent door.
 10527 | Gauntlet | Found a large runed translucent door.
 10527 | Gauntlet | Found a large runed translucent door.
 10527 | Gauntlet | Found a large runed translucent door.
 10527 | Gauntlet | Found a large runed translucent door.
 10528 | Gauntlet | Found a large runed translucent door.
 10528 | Gauntlet | Found a large runed translucent door.
 10529 | Gauntlet | Found a large runed translucent door.
 10529 | Gauntlet | Found a large runed translucent door.
 10529 | Gauntlet | Found a large runed translucent door.
 10529 | Gauntlet | Found a large runed translucent door.
 10536 | Gauntlet | Found a runed translucent gate.
 10536 | Gauntlet | Found a runed translucent gate.
 10536 | Gauntlet | Found a runed translucent gate.
 10537 | Gauntlet | Noticed a death ooze
 10538 | Gauntlet | Found a transporter.
 10540 | Gauntlet | Found a transporter.
 10542 | Gauntlet | Found a transporter.
 10557 | Gauntlet | Noticed a soul eater
 10558 | Gauntlet | Found a transporter.
 10576 | Gauntlet | Found a transporter.
 10584 | Gauntlet | Found a transporter.
 10602 | Gauntlet | Found a transporter.
 10613 | Gauntlet | Identified the ring "Wifaush" {+Fly rC- rN+ Slay+2 SInv}
 10622 | Gauntlet | Found a transporter.
 10634 | Gauntlet | Found a transporter.
 10637 | Gauntlet | Identified the ring of the Greedy {+Fly rElec MR+ Str-3
                  | Slay+5}
 10646 | Gauntlet | Found a transporter.
 10658 | Gauntlet | Found a transporter.
 10659 | Gauntlet | Noticed a thrashing horror
 10661 | Gauntlet | Noticed a thrashing horror
 10670 | Gauntlet | Found a transporter.
 10674 | Gauntlet | Identified the +0 pair of boots "Dadd" {rPois rF- Str+4
                  | Slay+3}
 10688 | Gauntlet | Found a transporter.
 10708 | Gauntlet | Found a transporter.
 10710 | Gauntlet | Found a transporter.
 10711 | Gauntlet | Noticed a catoblepas
 10764 | Gauntlet | Found a transporter.
 10766 | Gauntlet | Found a transporter.
 11023 | Gauntlet | Noticed a great orb of eyes
 11035 | Gauntlet | Noticed a spark wasp
 11073 | Gauntlet | a spark wasp changed into a wolf spider
 11193 | Gauntlet | Learned a level 3 spell: Stone Arrow
 11196 | Gauntlet | Learned a level 2 spell: Passwall
 11209 | Gauntlet | Killed a death ooze
 11250 | Gauntlet | Killed a catoblepas
 11256 | Gauntlet | HP: 4/97 [gargoyle/+0 morningstar (4)]
 11256 | Gauntlet | Slain by a gargoyle

Skill      XL: |  1  2  3  4  5  6  7  8  9 10 11 12 |
---------------+-------------------------------------+-----
Invocations    | 1 2 3 4 5 6 7 |  7.7
Short Blades   | 1 2 3 4 5 6 7 |  7.0
Long Blades    | 1 2 3 4 5 6 7 |  7.0
Axes           | 1 2 3 4 5 6 7 |  7.0
Maces & Flails | 1 2 3 4 5 6 7 |  7.0
Staves         | 1 2 3 4 5 6 7 |  7.0
Slings         | 1 2 3 4 5 6 7 |  7.0
Bows           | 1 2 3 4 5 6 7 |  7.0
Crossbows      | 1 2 3 4 5 6 7 |  7.0
Throwing       | 1 2 3 4 6 8 |  8.5
Dodging        | 1 2 3 4 5 6 7 |  7.0
Stealth        | 1 2 3 4 5 6 7 |  7.0
Unarmed Combat | 1 2 3 4 5 6 7 |  7.0
Spellcasting   | 1 2 3 4 5 6 7 |  7.0
Evocations     | 1 2 3 4 5 6 7 |  7.0
Conjurations   | 1 2 3 4 5 |  5.8
Hexes          | 1 2 3 4 5 |  5.8
Charms         | 1 2 3 4 5 |  5.8
Summonings     | 1 2 3 4 5 |  5.8
Necromancy     | 1 2 3 4 5 |  5.8
Translocations | 1 2 3 4 5 |  5.8
Transmutations | 1 2 3 4 5 |  5.8
Fire Magic     | 1 2 3 4 5 |  5.8
Ice Magic      | 1 2 3 4 5 |  5.8
Air Magic      | 1 2 3 4 5 |  5.8
Earth Magic    | 1 2 3 4 5 |  5.8
Poison Magic   | 1 2 3 4 5 |  5.8
Polearms       | 5 6 7 8 |  8.5
Fighting       | 7 8 9 |  9.7
Armour         | 7 8 9 |  9.7
Shields        | 7 8 9 |  9.7

Action                   |  1- 3 |  4- 6 |  7- 9 | 10-12 || total
-------------------------+-------+-------+-------+-------++-------
Melee: Trident           |    75 |   109 |   271 |    54 ||   509
       Bite              |     4 |    11 |    40 |    38 ||    93
       Demon blade       |       |       |       |   256 ||   256
Invok: Curse Item        |       |       |     3 |     5 ||     8
 Abil: Evoke Berserk Rag |       |       |       |     3 ||     3
  Use: Scroll            |       |       |     1 |    14 ||    15
 Stab: Distracted        |       |       |     1 |       ||     1
  Eat: Chunk             |       |     3 |    11 |    14 ||    28
       Ration            |       |       |     1 |     2 ||     3
Armor: Scale mail        |    15 |    22 |    71 |   102 ||   210
Dodge: Dodged            |     9 |    15 |   109 |   153 ||   286
Block: Shield            |    18 |    31 |   175 |   275 ||   499
       Reflection        |       |       |     3 |    25 ||    28
       Rpst.: Demon blade |       |       |       |    32 ||    32
